 Dungeon Crawl Stone Soup version 0.25-a0-597-gb30770a0c0 (webtiles) character file.

Game seed: 11981858700308314721, levelgen mode: deterministic

91782 Mehrunes the Eclecticist (level 15, 0/93 HPs)
             Began as a Deep Elf Wizard on Mar 15, 2020.
             Was an Elder of Vehumet.
             Shot with a stone by a faun (23 damage)
             ... on level 1 of the Shoals.
             The game lasted 04:13:35 (48161 turns).

Mehrunes the Eclecticist (Deep Elf Wizard)         Turns: 48161, Time: 04:13:35

Health: 0/93       AC:  9    Str:  9    XL:     15   Next: 56%
Magic:  6/39       EV: 18    Int: 28    God:    Vehumet [****..]
Gold:   1588       SH:  5    Dex: 14    Spells: 4/51 levels left

rFire    + + +     SeeInvis .   R - staff of fire
rCold    . . .     Gourm    .   I - +0 buckler
rNeg     . . .     Faith    .   B - +1 ring mail {rF+}
rPois    .         Spirit   .   b - +0 hat
rElec    .         Reflect  .   p - +0 cloak
rCorr    .         Harm     .   J - +0 pair of gloves
MR       +....                  (no boots)
Stlth    +.........             (no amulet)
HPRegen  0.25/turn              w - ring "Detosch" {Fire Str+4}
MPRegen  0.26/turn              M - ring of protection from cold

@: glowing, studying Fighting
A: no striking features
a: Renounce Religion


You were on level 1 of the Shoals.
You worshipped Vehumet.
Vehumet was greatly pleased with you.
You were hungry.

You visited 4 branches of the dungeon, and saw 23 of its levels.
You also visited: Bailey.

You collected 1678 gold pieces.
You spent 90 gold pieces at shops.

Inventory:

Hand Weapons
 D - a +0 dagger of pain
Armour
 b - a +0 hat (worn)
 g - a scarf of spirit shield
 i - a +1 leather armour of poison resistance
 p - a +0 cloak (worn)
 B - a +1 ring mail of fire resistance (worn)
 I - a +0 buckler (worn)
 J - a +0 pair of gloves (worn)
 L - a +1 robe of resistance
Magical Staves
 R - an uncursed staff of fire (weapon)
Jewellery
 l - an uncursed ring of poison resistance
 q - an uncursed ring of flight
 w - the ring "Detosch" (left hand) {Fire Str+4}
   (You found it on level 15 of the Dungeon)

   [ring of fire]

   It enhances your fire magic.
   It affects your strength (+4).
   It protects you from fire.
   It makes you vulnerable to cold.
 y - an uncursed ring of protection from fire
 F - an uncursed ring of wizardry
 M - a ring of protection from cold (right hand)
 U - an uncursed amulet of guardian spirit
Wands
 c - a wand of polymorph (8)
 n - a wand of flame (85)
 z - a wand of random effects (68)
 A - a wand of iceblast (17)
 V - a wand of digging (4)
 W - a wand of disintegration (22)
 Y - a wand of acid (20)
 Z - a wand of paralysis (8)
Scrolls
 e - a scroll of vulnerability {unknown}
 f - 5 scrolls of enchant weapon
 h - 9 scrolls of enchant armour
 j - 7 scrolls of teleportation
 m - 2 scrolls of fog
 o - 15 scrolls of remove curse
 t - 3 scrolls of magic mapping
 v - 2 scrolls of brand weapon
 H - a scroll of fear
 N - 2 scrolls of amnesia
 X - a scroll of holy word {unknown}
Potions
 a - 2 potions of brilliance {unknown}
 k - 4 potions of curing
 r - a potion of magic {unknown}
 s - 2 potions of haste
 x - 2 potions of flight
 E - 3 potions of lignification {unknown}
 G - 4 potions of ambrosia
 P - a potion of mutation {unknown}
 S - a potion of stabbing {unknown}
 T - 2 potions of might {unknown}
Books
 u - a manual of Fighting
Miscellaneous
 K - a lamp of fire
Comestibles
 d - 25 rations


   Skills:
 + Level 10.7 Fighting
 - Level 6.0 Armour
 - Level 14.6 Dodging
 - Level 2.4 Stealth
 - Level 4.0 Shields
 - Level 18.7 Spellcasting
 - Level 9.4 Conjurations
 - Level 4.0 Hexes
 - Level 1.1 Summonings
 - Level 1.1 Translocations
 - Level 2.3 Fire Magic
 + Level 8.6 Ice Magic
 - Level 6.0 Air Magic
 - Level 3.6 Poison Magic
 - Level 4.2 Evocations


You had 4 spell levels left.
You knew the following spells:

 Your Spells              Type           Power        Failure   Level  Hunger
a - Magic Dart            Conj           ####         1%          1    None
b - Call Imp              Summ           ####....     3%          2    None
c - Mephitic Cloud        Conj/Pois/Air  ######..     1%          3    None
d - Conjure Flame         Conj/Fire      #######.     1%          3    None
e - Searing Ray           Conj           ######       1%          2    None
f - Iskenderun's Mystic   Conj/Tloc      ######..     1%          4    None
g - Fulminant Prism       Conj/Hex       ######....   1%          4    None
h - Ozocubu's Refrigerat  Ice            ######....   5%          6    ##.....
i - Blink                 Tloc           N/A          3%          2    None
j - Frozen Ramparts       Ice            ######       1%          3    None
k - Hailstorm             Conj/Ice       ######..     1%          4    None
l - Fireball              Conj/Fire      #######...   2%          5    None
n - Freezing Cloud        Conj/Ice/Air   ######....   6%          6    ##.....
o - Passwall              Tmut/Erth      ####....     6%          2    None

Your spell library contained the following spells:

 Spells                   Type           Power        Failure   Level  Hunger
 Spellforged Servitor     Conj/Summ      ######....   65%         7    ####...
 Foxfire                  Conj/Fire      ####         1%          1    None
 Sandblast                Erth           ####..       1%          1    None
 Poisonous Vapours        Pois/Air       ######       1%          2    None
 Slow                     Hex            #####...     1%          2    None
 Dazzling Flash           Conj/Hex       ######       1%          3    None
 Inner Flame              Hex/Fire       #######.     1%          3    None
 Stone Arrow              Conj/Erth      ######       1%          3    None
 Sticky Flame             Conj/Fire      #######.     1%          4    None
 Confusing Touch          Hex            #####...     2%          3    None
 Gell's Gravitas          Tloc           ####......   8%          3    None
 Petrify                  Tmut/Erth      ####....     36%         4    None
 Metabolic Englaciation   Hex/Ice        ######....   9%          5    None
 Yara's Violent Unravell  Hex/Tmut       #####.....   13%         5    None
 Lee's Rapid Deconstruct  Erth           ####......   28%         5    None
 Ring of Flames           Chrm/Fire      ######....   100%        7    ####...


Dungeon Overview and Level Annotations

Branches:
Dungeon (15/15)            Temple (0/1) D:7            Lair (6/6) D:9
 Shoals (1/4) Lair:2       Spider (1/4) Lair:3        Slime (0/5) Lair:6
    Orc (0/2) D:10         Vaults (0/5) D:14         Depths (0/5) D:15
 Bailey (visited)

Altars:
Ashenzari
Cheibriados
Dithmenos
Elyvilon
Fedhas
Gozag
Makhleb
Qazlal
Ru
Sif Muna
Trog
Uskayaw
Vehumet
The Shining One
Jiyva

Shops:
D:9 ?   D:11 *   Shoals:1 }

Annotations:
D:15 Xuroetux's ghost, journeyman GrFE


Message History

The stone hits you but does no damage.
The faun shoots a stone.
The stone hits you!
You see here a stone.
The faun shoots a stone.
The stone hits you but does no damage.
You see here a stone.
There is an entrance to Zosh's Gadget Shoppe here.
The faun unwields a +0 club.
The faun wields a +2 vorpal hunting sling.
The faun shoots a stone.
The stone hits you!
* * * LOW HITPOINT WARNING * * *
You see here a stone.
The faun points at you and mumbles some strange words.
You are outlined in light.
The faun unwields a +0 spear.
The faun wields a +0 hunting sling.
The faun shoots a sling bullet.
The sling bullet hits you but does no damage.
The faun shoots a stone.
You block the stone.
Things that are here:
a stone; a sling bullet The faun shoots a stone.
The stone hits you!!
You die...

≈≈≈≈≈≈≈≈.....≈≈≈≈≈≈≈≈≈≈≈≈≈≈≈≈≈≈≈≈
≈≈≈≈≈≈≈.......≈≈≈≈≈≈≈≈≈≈≈≈≈≈≈≈≈
≈≈≈≈≈≈≈.......≈≈≈≈≈≈≈≈≈≈≈≈≈≈≈≈≈
≈≈≈≈≈≈≈≈≈≈≈≈...≈≈≈≈≈≈≈≈≈≈≈≈≈≈≈≈
≈≈≈≈≈≈≈....≈≈≈...≈≈≈≈≈≈≈≈≈≈≈≈≈≈
≈≈≈≈≈........≈≈≈...≈≈≈≈≈≈≈≈≈≈≈
≈≈≈≈..........♣♣♣....≈≈≈≈≈...
≈≈≈...≈≈≈≈##....♣♣......≈...
≈≈≈..≈≈≈≈≈≈≈♣♣@♣♣♣≈........
≈≈≈≈≈.≈≈≈≈≈≈≈≈≈♣(♣..#≈≈≈≈≈...
≈≈≈≈≈.≈≈≈≈≈≈≈≈≈≈.(#∩#≈≈≈≈≈...
≈≈≈≈≈≈≈≈≈≈≈>≈≈≈≈##..#≈≈≈≈≈..
≈≈≈≈≈≈≈≈≈≈≈≈≈≈≈≈#..#≈≈≈≈≈≈..
≈≈≈≈≈.≈≈≈≈≈≈≈≈≈≈#..#≈≈≈≈≈≈≈≈
≈≈≈≈≈...≈≈≈≈≈≈≈#...#≈≈≈≈≈≈≈≈
≈≈≈≈≈#...≈c≈ccc(..##≈≈≈≈≈≈≈≈
.≈≈≈§≈#......(..♣♣#≈≈≈≈≈≈≈≈≈


You could see 4 fauns.

Vanquished Creatures
  An emperor scorpion (Lair:3)
  A stone giant (D:15)
  A dire elephant (Lair:6)
  Snorg (D:11)
  A fire dragon (D:15)
  5 hydras
  Harold (D:9)
  A vault guard (D:14)
  A death knight (D:15)
  7 centaur warriors
  Erica (D:11)
  3 death yaks (Lair:6)
  3 catoblepae
  4 two-headed ogres
  The ghost of Emblim88 the Fighter, a novice GnAK of Lugonu (D:9)
  A deep elf knight (D:14)
  A fire crab (Lair:5)
  4 skeletal warriors
  3 unseen horrors
  A sea snake (Shoals:1)
  A wizard (D:14)
  2 lindwurms (Lair:6)
  4 harpies (Shoals:1)
  A deep elf mage (D:13)
  2 wolf spiders
  6 cyclopes
  7 manticores
  6 ugly things (D:15)
  A salamander (D:15)
  A manticore (shapeshifter) (D:13)
  A guardian serpent (shapeshifter) (D:13)
  25 elephants
  7 black mambas
  Psyche (D:9)
  4 gargoyles
  The ghost of Roikka the Scholar of Death, a novice HuNe of Kikubaaqudgha (D:8)
  11 spiny frogs
  A rime drake (Lair:5)
  12 komodo dragons
  2 demonic crawlers
  A freezing wraith (D:15)
  A troll (shapeshifter) (D:13)
  A troll (D:12)
  4 merfolk (Shoals:1)
  A polar bear (Lair:6)
  A meliai (D:14)
  A merfolk (shapeshifter) (D:15)
  A hornet (D:13)
  A snapping turtle (Shoals:1)
  19 blink frogs
  12 hippogriffs
  A slime creature (D:14)
  2 dream sheep (Lair:6)
  2 centaur simulacra (D:15)
  5 wyverns
  A tarantella (Lair:3)
  A vampire (D:14)
  3 wraiths
  A shadow (D:13)
  5 redbacks (Spider:1)
  36 yaks
  A yak (shapeshifter) (D:14)
  5 basilisks
  6 vampire mosquitoes
  3 hungry ghosts
  An acid dragon (D:10)
  14 water moccasins
  15 porcupines
  4 ice beasts
  3 black bears
  5 orc warriors
  6 sky beasts
  A hornet zombie (D:9)
  5 ogres
  13 necrophages
  3 phantoms
  An eye of draining (D:14)
  A wolf (Lair:6)
  8 centaurs
  13 crocodiles
  3 big kobolds
  20 bullfrogs
  A gnoll sergeant (D:11)
  3 wyvern zombies
  7 scorpions
  6 killer bees
  8 wights
  7 howler monkeys
  10 crimson imps
  A bullfrog zombie (D:11)
  A quasit (D:13)
  9 hounds
  2 orc priests
  7 jellies
  6 bullfrog skeletons
  4 centaur skeletons
  7 iguanas
  5 orc wizards
  A hell rat (Lair:6)
  11 worker ants
  3 killer bee zombies
  2 hound zombies
  3 hound skeletons
  2 worker ant zombies (D:9)
  6 gnolls
  12 adders
  2 shadow imps
  2 oozes
  2 adder zombies
  2 adder skeletons
  A worm (D:3)
  5 dart slugs
  A leopard gecko (D:10)
  24 orcs
  7 giant cockroaches
  6 goblins
  5 hobgoblins
  6 jackals
  4 quokkas
  A ball python (D:4)
  14 bats
  4 frilled lizards
  A jackal skeleton (D:5)
  18 kobolds
  A leopard gecko skeleton (D:4)
  A quokka skeleton (D:5)
  6 rats
  9 fulminant prisms
  9 fungi
  12 plants
636 creatures vanquished.

Vanquished Creatures (collateral kills)
  A scorpion (D:6)
  3 worms
  2 kobolds (D:1)
  A ball python (D:1)
  A frilled lizard (D:1)
8 creatures vanquished.

Vanquished Creatures (others)
  A troll (D:11)
  A bullfrog zombie (D:8)
  6 bushes (D:9)
  82 fulminant prisms
  21 fungi
  30 plants
141 creatures vanquished.

Grand Total: 785 creatures vanquished

Notes
Turn   | Place    | Note
-------+----------+-------------------------------------------
     0 | D:1      | Mehrunes the Deep Elf Wizard began the quest for the Orb.
     0 | D:1      | Reached XP level 1. HP: 10/10 MP: 7/7
   347 | D:1      | Reached XP level 2. HP: 14/15 MP: 5/9
   456 | D:1      | Learned a level 2 spell: Call Imp
  1517 | D:1      | Reached XP level 3. HP: 12/19 MP: 1/11
  1636 | D:1      | Learned a level 3 spell: Mephitic Cloud
  1640 | D:1      | Learned a level 3 spell: Conjure Flame
  1668 | D:2      | Reached skill level 5 in Spellcasting
  2484 | D:2      | Found a white marble altar of Elyvilon.
  2527 | D:2      | Reached skill level 1 in Air Magic
  2527 | D:2      | Reached skill level 1 in Poison Magic
  2527 | D:2      | Reached XP level 4. HP: 24/24 MP: 7/13
  3329 | D:3      | Reached XP level 5. HP: 27/28 MP: 6/15
  3704 | D:3      | Found a sacrificial altar of Ru.
  3850 | D:3      | Found a hide-covered altar of Uskayaw.
  4419 | D:4      | Reached XP level 6. HP: 26/32 MP: 8/16
  4676 | D:4      | Found a shattered altar of Ashenzari.
  4848 | D:4      | Reached skill level 6 in Spellcasting
  4848 | D:4      | Reached skill level 1 in Fire Magic
  5185 | D:4      | Found a burning altar of Makhleb.
  5466 | D:4      | Reached XP level 7. HP: 36/36 MP: 14/18
  5697 | D:5      | Entered Level 5 of the Dungeon
  5898 | D:5      | Found a radiant altar of Vehumet.
  5964 | D:5      | Became a worshipper of Vehumet
  5994 | D:5      | Reached skill level 1 in Fighting
  6671 | D:6      | Reached skill level 7 in Spellcasting
  6989 | D:6      | Reached XP level 8. HP: 39/45 MP: 13/20
  7252 | D:6      | Reached skill level 5 in Dodging
  7839 | D:7      | Found a flagged portal.
  7848 | Bailey   | Entered a bailey
  8189 | D:7      | Found a staircase to the Ecumenical Temple.
  8203 | D:7      | Learned a level 2 spell: Searing Ray
  8208 | D:7      | Learned a level 4 spell: Iskenderun's Mystic Blast
  8213 | D:7      | Learned a level 4 spell: Fulminant Prism
  8217 | D:7      | Learned a level 3 spell: Dazzling Flash
  8232 | D:7      | Noticed a komodo dragon
  8328 | D:7      | Reached skill level 8 in Spellcasting
  8677 | D:7      | Noticed a hippogriff
  8831 | D:7      | Reached skill level 1 in Hexes
  8921 | D:7      | Found a bloodstained altar of Trog.
  8989 | D:7      | Killed a komodo dragon
  8989 | D:7      | Reached skill level 5 in Conjurations
  9178 | D:7      | Found a shimmering blue altar of Sif Muna.
  9448 | D:7      | Killed a hippogriff
  9448 | D:7      | Reached XP level 9. HP: 43/50 MP: 10/23
  9788 | D:8      | Found an opulent altar of Gozag.
  9870 | D:8      | Noticed a two-headed ogre
 10160 | D:8      | Reached skill level 9 in Spellcasting
 10268 | D:8      | Reached * piety under Vehumet
 10268 | D:8      | Offered knowledge of Sandblast by Vehumet.
 11161 | D:8      | Reached skill level 10 in Spellcasting
 11225 | D:7      | Killed a two-headed ogre
 11390 | D:8      | Reached XP level 10. HP: 53/53 MP: 16/26
 11554 | D:8      | Learned a level 2 spell: Blink
 11870 | D:8      | Found a runed translucent door.
 11915 | D:8      | Noticed Roikka's ghost (novice HuNe)
 12174 | D:8      | Reached skill level 1 in Evocations
 12416 | D:8      | Found a stormy altar of Qazlal.
 12478 | D:8      | Found a glowing golden altar of the Shining One.
 12478 | D:8      | Found a snail-covered altar of Cheibriados.
 12580 | D:8      | Killed Roikka's ghost
 12953 | D:9      | Reached skill level 11 in Spellcasting
 13147 | D:8      | Offered knowledge of Shock by Vehumet.
 13374 | D:9      | Found a runed translucent door.
 13374 | D:9      | Noticed Emblim88's ghost (novice GnAK)
 13509 | D:9      | Found Lemm's Magic Scroll Shop.
 13524 | D:9      | Bought a scroll of blinking for 90 gold pieces
 13636 | D:9      | Noticed Harold
 13675 | D:9      | Found a blossoming altar of Fedhas.
 13993 | D:9      | Noticed a two-headed ogre
 14012 | D:9      | Killed a two-headed ogre
 14193 | D:9      | Noticed Psyche
 14209 | D:9      | Killed Psyche
 14209 | D:9      | Reached ** piety under Vehumet
 14628 | D:9      | Reached skill level 5 in Fighting
 14777 | D:9      | Found a staircase to the Lair.
 14955 | D:9      | You fall into a shaft and drop 1 floor!
 14955 | D:10     | Entered Level 10 of the Dungeon
 15166 | D:9      | Reached XP level 11. HP: 63/63 MP: 22/28
 15925 | D:9      | Killed Harold
 16149 | D:10     | Reached skill level 12 in Spellcasting
 16190 | D:10     | Found a staircase to the Orcish Mines.
 16658 | Lair:1   | Entered Level 1 of the Lair of Beasts
 16890 | Lair:1   | Reached skill level 10 in Dodging
 16910 | Lair:1   | Noticed a six-headed hydra
 17201 | D:11     | Noticed a centaur warrior
 17844 | D:9      | Killed a six-headed hydra
 18912 | Lair:1   | Offered knowledge of Frozen Ramparts by Vehumet.
 18922 | Lair:1   | Reached skill level 13 in Spellcasting
 18941 | Lair:1   | Learned a level 3 spell: Frozen Ramparts
 19289 | Lair:1   | Reached skill level 1 in Ice Magic
 20321 | Lair:2   | Reached *** piety under Vehumet
 20585 | Lair:2   | Noticed a seven-headed hydra
 20610 | Lair:1   | Reached skill level 1 in Shields
 21091 | Lair:2   | Found a staircase to the Shoals.
 21296 | Lair:2   | Noticed a catoblepas
 21309 | Lair:1   | Reached XP level 12. HP: 38/68 MP: 9/31
 21533 | Lair:2   | Killed a catoblepas
 21799 | Lair:1   | HP: 3/69 [poisoned by a spiny frog]
 21807 | Lair:1   | HP: 3/69 [poisoned by a spiny frog]
 22350 | Lair:2   | Killed a seven-headed hydra
 22878 | Lair:3   | Offered knowledge of Hailstorm by Vehumet.
 22888 | Lair:3   | Learned a level 4 spell: Hailstorm
 22933 | Lair:3   | Found a hole to the Spider Nest.
 23971 | Lair:3   | Reached skill level 14 in Spellcasting
 24939 | Lair:4   | Reached skill level 15 in Spellcasting
 25083 | Lair:4   | Reached **** piety under Vehumet
 25098 | Lair:4   | Reached skill level 1 in Armour
 25285 | Lair:4   | Offered knowledge of Fireball by Vehumet.
 25292 | Lair:4   | Learned a level 5 spell: Fireball
 25687 | Lair:4   | Reached XP level 13. HP: 75/75 MP: 21/34
 28096 | Lair:5   | Noticed a dire elephant
 28705 | Lair:4   | Learned a level 3 spell: Gell's Gravitas
 29422 | D:11     | Noticed Snorg
 29672 | D:11     | Reached skill level 16 in Spellcasting
 29821 | D:11     | Noticed Erica
 29961 | D:11     | Killed Snorg
 30150 | D:11     | Killed Erica
 30711 | D:11     | Found Lira's Demolitions Depot.
 31088 | D:12     | Reached ***** piety under Vehumet
 31971 | D:12     | Offered knowledge of Ozocubu's Refrigeration by Vehumet.
 32056 | D:12     | Learned a level 6 spell: Ozocubu's Refrigeration
 32612 | D:12     | Reached skill level 5 in Ice Magic
 32612 | D:12     | Reached XP level 14. HP: 84/84 MP: 27/36
 34982 | D:14     | Reached skill level 17 in Spellcasting
 34984 | D:14     | Offered knowledge of Spellforged Servitor by Vehumet.
 35976 | D:14     | Found a shadowy altar of Dithmenos.
 37867 | Lair:6   | Entered Level 6 of the Lair of Beasts
 38329 | Lair:6   | Found a staircase to the Slime Pits.
 38329 | Lair:6   | Found a viscous altar of Jiyva.
 38557 | Lair:6   | Reached skill level 5 in Armour
 40266 | Lair:6   | Reached skill level 18 in Spellcasting
 40555 | Lair:6   | Learned a level 6 spell: Freezing Cloud
 41536 | D:9      | Killed Emblim88's ghost
 41536 | D:9      | Reached XP level 15. HP: 78/89 MP: 19/39
 41725 | Spider:1 | Entered Level 1 of the Spider Nest
 41729 | Spider:1 | Learned a level 2 spell: Passwall
 43607 | D:15     | Entered Level 15 of the Dungeon
 43653 | D:15     | Found a runed translucent gate.
 43653 | D:15     | Found a runed translucent gate.
 43653 | D:15     | Found a runed translucent gate.
 43654 | D:15     | Noticed Xuroetux's ghost (journeyman GrFE)
 44214 | D:15     | Found a staircase to the Depths.
 45288 | D:15     | Reached skill level 5 in Air Magic
 45863 | D:15     | Reached skill level 10 in Fighting
 46345 | D:15     | Got a pitted brass ring
 46388 | D:15     | Identified the ring "Detosch" {Fire Str+4} (You found it on
                  | level 15 of the Dungeon)
 47076 | D:14     | Found a gate to the Vaults.
 47414 | Lair:3   | HP: 3/92 [emperor scorpion (10)]
 47800 | Shoals:1 | Entered Level 1 of the Shoals
 48061 | Shoals:1 | Found Zosh's Gadget Shoppe.
 48161 | Shoals:1 | Shot with a stone by a faun

Levels and vault maps discovered:
D:1:      sevenhm_arrival_forest_fort_large_1, layout_basic, st_stairs_11,
          chequers_serial_rivers_large_a
D:2:      layout_basic, elyvilon_altar_5
D:3:      layout_rooms, lemuel_doored_altar, nicolae_overflow_crystal_walls
D:4:      layout_cave_pools, lemuel_crystal_altar, makhleb_blood_cavern_becter,
          first_ration
D:5:      layout_rooms, vehumet_altar_wand_db
D:6:      layout_loops_cross
D:7:      layout_cave_pools, kennysheep_little_box, led_sif_book,
          minmay_temple_entry_offerings, enter_bailey_2
D:8:      layout_cave_pools, grunt_qazlal_clouds, overflow_temple_1_default,
          gammafunk_temple_overflow_elements, ebering_ghost_reflecting_pool,
          blue_anna_alchemist [blue_anna_fruit_fields, blue_anna_fruit_fields],
          chequers_hall_statues_corner_a
D:9:      layout_loops_corners, fedhas_altar_decomposition,
          minmay_lair_entry_grove, serial_shops, shop,
          hellmonk_ghost_happy_afterlife, uniq_harold, uniq_psyche
D:10:     layout_cave_pools, orc_0_dummy, st_stairs_7
D:11:     layout_cross, nicolae_blasting_shop, uniq_snorg, uniq_erica
D:12:     layout_roguey
D:13:     layout_roguey
D:14:     layout_rooms, david_vaults_5, kennysheep_small_spiral,
          nicolae_dithmenos_shadow_blocks
D:15:     hangedman_depths_entry_try_elsewhere_first, layout_loops_ring,
          hangedman_decor_diamond_cutter, gammafunk_ghost_split
Lair:1:   layout_layer_cave
Lair:2:   layout_regular_city, shoals_dummy_entry, grunt_megastairs_5
Lair:3:   layout_cave_pods, spider_nest_entry_rubble, roderic_carrion_pond
Lair:4:   layout_small_grid
Lair:5:   beast_lair_carwin_large_1, layout_cave_pods, grunt_megastairs_4
Lair:6:   hangedman_lair_in_review, layout_small_grid, slime_altar_1,
          lemuel_fruit_tree
Shoals:1: layout_shoals, gammafunk_ghost_tricky_traps, nicolae_shoals_c_island
Spider:1: layout_spider_delve, portal_ice_cave_entry_pillars_three

Skill      XL: |  1  2  3  4  5  6  7  8  9 10 11 12 13 14 15 |
---------------+----------------------------------------------+-----
Conjurations   | 2 3 5 9 |  9.4
Spellcasting   | 5 6 7 8 10 11 13 15 16 18 | 18.7
Air Magic      | 1 2 3 6 |  6.0
Poison Magic   | 1 2 3 |  3.6
Fire Magic     | 2 |  2.3
Fighting       | 2 3 5 7 8 10 | 10.7
Dodging        | 4 6 8 11 12 13 14 | 14.6
Hexes          | 3 4 |  4.0
Evocations     | 4 |  4.2
Ice Magic      | 3 5 8 |  8.6
Shields        | 1 4 |  4.0
Armour         | 1 4 6 |  6.0
Stealth        | |  2.4
Summonings     | |  1.1
Translocations | |  1.1

Action                   |  1- 3 |  4- 6 |  7- 9 | 10-12 | 13-15 || total
-------------------------+-------+-------+-------+-------+-------++-------
Melee: Dagger            |    11 |     1 |       |    37 |       ||    49
       Quarterstaff      |       |       |     7 |     1 |       ||     8
       Rapier            |       |       |       |       |    23 ||    23
       Staff             |       |       |       |       |     4 ||     4
 Cast: Magic Dart        |   100 |   157 |   270 |   530 |   398 ||  1455
       Call Imp          |     7 |     4 |     5 |    13 |       ||    29
       Mephitic Cloud    |       |     2 |    15 |    15 |    24 ||    56
       Conjure Flame     |       |       |     4 |    55 |    16 ||    75
       Searing Ray       |       |       |    16 |    42 |    60 ||   118
       Dazzling Flash    |       |       |     1 |     8 |     2 ||    11
       Iskenderun's Myst |       |       |     7 |    64 |   148 ||   219
       Fulminant Prism   |       |       |     4 |    51 |    36 ||    91
       Blink             |       |       |       |     4 |     7 ||    11
       Frozen Ramparts   |       |       |       |    28 |    47 ||    75
       Fireball          |       |       |       |     6 |   227 ||   233
       Hailstorm         |       |       |       |     2 |    17 ||    19
       Gell's Gravitas   |       |       |       |       |     2 ||     2
       Ozocubu's Refrige |       |       |       |       |    60 ||    60
       Freezing Cloud    |       |       |       |       |     4 ||     4
       Passwall          |       |       |       |       |     2 ||     2
Evoke: Wand              |       |       |     2 |     3 |    11 ||    16
       Lamp of fire      |       |       |       |       |     1 ||     1
       Phantom mirror    |       |       |       |       |     1 ||     1
  Use: Scroll            |       |       |     7 |     3 |    15 ||    25
       Potion            |       |       |       |     2 |     9 ||    11
  Eat: Chunk             |     4 |     9 |    10 |    31 |    44 ||    98
       Ration            |       |       |     2 |     4 |     8 ||    14
Armor: Robe              |    11 |     3 |    27 |    22 |    42 ||   105
       Leather armour    |       |       |       |       |    14 ||    14
       Ring mail         |       |       |       |       |     8 ||     8
Dodge: Dodged            |    22 |    23 |   106 |   230 |   350 ||   731
Block: Buckler           |       |       |       |    28 |    86 ||   114

Table legend:
 A = Non-vault XP
 B = Vault XP
 C = Vault XP percentage of total XP
 D = Non-vault monster count
 E = Vault monster count
 F = Vault count percentage of total count
                 A         B        C        D         E       F
            +---------+---------+-------+---------+---------+-------
      Total |   94939 |   36179 |  27.6 |     515 |      99 |  16.1
            +---------+---------+-------+---------+---------+-------
        D:1 |      37 |       8 |  17.8 |      23 |       6 |  20.7
        D:2 |     137 |       0 |   0.0 |      24 |       0 |   0.0
        D:3 |     152 |       0 |   0.0 |      23 |       0 |   0.0
        D:4 |     460 |      42 |   8.4 |      15 |       1 |   6.2
        D:5 |     279 |       2 |   0.7 |      11 |       1 |   8.3
        D:6 |     526 |       0 |   0.0 |      14 |       0 |   0.0
        D:7 |    2878 |     120 |   4.0 |      27 |       3 |  10.0
        D:8 |    1906 |     502 |  20.8 |      31 |       2 |   6.1
        D:9 |    2601 |    4631 |  64.0 |      15 |      22 |  59.5
       D:10 |     875 |     235 |  21.2 |      12 |       1 |   7.7
       D:11 |    4023 |    2035 |  33.6 |      29 |       2 |   6.5
       D:12 |    9078 |       0 |   0.0 |      41 |       0 |   0.0
       D:13 |    6418 |       0 |   0.0 |      31 |       0 |   0.0
       D:14 |    6036 |    3810 |  38.7 |      28 |       7 |  20.0
       D:15 |   11257 |    7436 |  39.8 |      28 |      12 |  30.0
     Lair:1 |    5802 |       0 |   0.0 |      28 |       0 |   0.0
     Lair:2 |    4892 |     282 |   5.5 |      18 |       2 |  10.0
     Lair:3 |    6439 |     936 |  12.7 |      22 |       7 |  24.1
     Lair:4 |    9663 |     484 |   4.8 |      36 |       1 |   2.7
     Lair:5 |    7457 |    4314 |  36.6 |      23 |      11 |  32.4
     Lair:6 |    6758 |   11342 |  62.7 |      18 |      21 |  53.8
   Shoals:1 |    5244 |       0 |   0.0 |      11 |       0 |   0.0
   Spider:1 |    2021 |       0 |   0.0 |       7 |       0 |   0.0
            +---------+---------+-------+---------+---------+-------
